 Dungeon Crawl Stone Soup version 0.20.0-15-g7f486f2 (webtiles) character file.

1519409 PotionSeller the Ruinous (level 27, 151/201 HPs)
             Began as a Demonspawn Wizard on June 4, 2017.
             Was the Champion of Sif Muna.
             Escaped with the Orb
             ... and 3 runes on June 17, 2017!
             The game lasted 06:12:32 (99457 turns).

PotionSeller the Ruinous (Demonspawn Wizard)       Turns: 99457, Time: 06:12:33

Health: 151/201    AC: 12    Str: 11    XL:     27
Magic:  46/49      EV: 21    Int: 45    God:    Sif Muna [******]
Gold:   4663       SH:  8    Dex: 17    Spells: 18/70 levels left

rFire    + + .     SeeInvis .   r - +9 demon trident (elec)
rCold    + + .     Gourm    +   n - +2 buckler
rNeg     + + .     Faith    .   s - +1 robe of Hiozxotz {rF+ MR+ Int+7}
rPois    +         Spirit   .   i - +0 helmet
rElec    +         Reflect  .   u - scarf {rC+ rF+}
rCorr    .         Harm     .   H - +1 pair of gloves
MR       +++..     Clarity  +   (boots unavailable)
Stlth    ++........             a - amulet "Amniekaz" {Gourm *Corrode rElec Int+5 Dex+3}
Regen    0.5/turn               Y - ring "Wesuuqui" {+Fly rN+ Int+4}
MPRegen  0.4/turn               I - ring of wizardry

@: studying Translocations, divine energy, deflect missiles
A: hooves 3, icy blue scales 3, clarity, clever 1, demonic guardian 3, negative
energy resistance 1, poison resistance, powered by death 3, 50% torment
resistance, wild magic 1, black mark, MP-powered wands
0: Orb of Zot
}: 3/15 runes: barnacled, silver, gossamer
a: Stop Divine Energy, Channel Magic, Forget Spell, Renounce Religion, Evoke
Flight


You escaped.
You worshipped Sif Muna.
Sif Muna was exalted by your worship.
You were full.

You visited 9 branches of the dungeon, and saw 49 of its levels.
You also visited: Labyrinth, Ossuary and Ice Cave.

You collected 7536 gold pieces.
You spent 2873 gold pieces at shops.

Inventory:

Hand Weapons
 r - a +9 demon trident of electrocution (weapon)
Armour
 b - a +2 cloak of cold resistance
 i - a +0 helmet (worn)
 n - a +2 buckler (worn)
 s - the +1 robe of Hiozxotz (worn) {rF+ MR+ Int+7}
   (You found it on level 2 of the Shoals)

   It affects your intelligence (+7).
   It protects you from fire.
   It affects your resistance to hostile enchantments.
 u - a scarf of resistance (worn)
 D - the quicksilver dragon scales "Weblyatac" {+Inv rPois MR+}
   (You acquired it on level 3 of the Vaults)

   It protects you from poison.
   It affects your resistance to hostile enchantments.
   It lets you turn invisible.
 H - a +1 pair of gloves (worn)
Magical Staves
 M - an uncursed staff of energy
 Q - an uncursed staff of cold
Jewellery
 a - the amulet "Amniekaz" (around neck) {Gourm *Corrode rElec Int+5 Dex+3}
   (You took it off a wizard on level 2 of the Depths)

   [amulet of the gourmand]

   It allows you to eat raw meat even when not hungry.
   It affects your intelligence (+5).
   It affects your dexterity (+3).
   It insulates you from electricity.
   It may corrode you when you take damage.
 e - the ring "Xouduhuy" {rElec rPois Int-3 Dex+3}
   (You took it off a vault guard on level 5 of the Vaults)

   [ring of poison resistance]

   It affects your intelligence (-3).
   It affects your dexterity (+3).
   It insulates you from electricity.
   It protects you from poison.
 A - the amulet of Sine {Reflect *Drain Dex+7 SH+6}
   (You found it in a labyrinth)

   [amulet of reflection]

   It shields you and reflects attacks.
   It affects your dexterity (+7).
   It causes draining when unequipped.
   It affects your SH (+6).
 I - a ring of wizardry (right hand)
 R - the ring "Sir Ogyogumm" {rC+ rN+ Int+3 Dex+4}
   (You took it off a deep elf knight on level 3 of the Elven Halls)

   [ring of positive energy]

   It affects your intelligence (+3).
   It affects your dexterity (+4).
   It protects you from cold.
   It protects you from negative energy.
 U - an uncursed amulet of regeneration
 X - an uncursed ring of protection from fire
 Y - the ring "Wesuuqui" (left hand) {+Fly rN+ Int+4}
   (You took it off a deep elf demonologist on level 3 of the Elven Halls)

   [ring of flight]

   It affects your intelligence (+4).
   It protects you from negative energy.
   It lets you fly.
Wands
 O - a wand of digging (18/24)
Scrolls
 d - 10 scrolls of recharging
 f - 5 scrolls of fog
 h - 10 scrolls of identify
 j - 4 scrolls of magic mapping
 l - 15 scrolls of teleportation
 m - 5 scrolls of blinking
 t - 2 scrolls of summoning
 x - 5 scrolls of fear
 y - 18 scrolls of remove curse
 z - 5 scrolls of amnesia
 B - 2 scrolls of enchant weapon
 S - 3 scrolls of enchant armour
Potions
 k - 8 potions of might
 o - 10 potions of flight
 q - a potion of magic
 v - 3 potions of cancellation
 w - 6 potions of resistance
 C - 4 potions of mutation
 E - 6 potions of agility
 F - 8 potions of curing
 K - 3 potions of haste
 N - 7 potions of brilliance
 T - 2 potions of heal wounds
 Z - 8 potions of invisibility
Books
 c - a manual of Translocations
 G - Sif Muna's Papyrus of the Creative Birds
   (Sif Muna gifted it to you on level 5 of the Depths)

   Spells                             Type                      Level
   a - Lightning Bolt                 Conjuration/Air              5
   b - Freezing Cloud                 Conjuration/Ice/Air          6
   c - Conjure Ball Lightning         Conjuration/Air              6
   d - Haunt                          Necromancy/Summoning         7
 V - a book of the Warp

   Spells                             Type                      Level
   a - Gell's Gravitas                Translocation                3
   b - Portal Projectile              Hexes/Translocation          3
   c - Force Lance                    Conjuration/Translocation    4
   d - Dispersal                      Translocation                6
   e - Controlled Blink               Translocation                8
   f - Disjunction                    Translocation                8
Comestibles
 g - 7 royal jellies
 p - 68 fruits
 J - 15 meat rations
 L - 3 bread rations


   Skills:
 + Level 13.0 Fighting
 - Level 2.0 Polearms
 + Level 12.9 Armour
 + Level 12.3 Dodging
 - Level 14.0 Stealth
 - Level 5.0 Shields
 + Level 22.1 Spellcasting
 * Level 26.9 Conjurations
 - Level 5.1 Charms
 - Level 3.0 Summonings
 - Level 0.8 Translocations
 * Level 23.8 Ice Magic
 - Level 7.0 Air Magic
 - Level 10.0 Invocations


You had 18 spell levels left.
You knew the following spells:

 Your Spells              Type           Power        Failure   Level  Hunger
a - Glaciate              Conj/Ice       #########.   1%          9    #......
b - Throw Icicle          Conj/Ice       ########     1%          4    None
c - Mephitic Cloud        Conj/Pois/Air  ########     1%          3    None
d - Fulminant Prism       Conj/Hex       ########..   1%          4    None
e - Orb of Destruction    Conj           #########.   1%          7    None
f - Freezing Cloud        Conj/Ice/Air   ########..   1%          6    None
g - Blink                 Tloc           N/A          1%          2    None
h - Force Lance           Conj/Tloc      ########     1%          4    None
i - Spellforged Servitor  Conj/Summ      ########..   1%          7    None
j - Deflect Missiles      Chrm/Air       #######...   2%          6    None


Dungeon Overview and Level Annotations

Branches:
Dungeon (15/15)            Temple (0/1) D:7            Lair (6/6) D:8
 Shoals (4/4) Lair:2       Spider (4/4) Lair:3        Slime (0/5) Lair:6
    Orc (2/2) D:12            Elf (3/3) Orc:2        Vaults (5/5) D:14
  Crypt (0/3) Vaults:2     Depths (5/5) D:15            Zot (5/5) Depths:5

Altars:
Hepliaklqana
Kikubaaqudgha
Nemelex Xobeh
Okawaru
Qazlal
Sif Muna
Uskayaw
Xom
Yredelemnul
The Shining One
Beogh
Jiyva

Shops:
D:11 *   D:12 *   Orc:2 }*(*   Elf:2 !   Elf:3 }=}   Vaults:3 %?   Depths:2 (!=

Portals:
Hell: Depths:1 Depths:2 Depths:3 Depths:5
Abyss: Depths:2 Depths:3 Depths:5
Pandemonium: Orc:2
Ziggurat: Depths:5

Annotations:
Elf:2 3 runed doors
Zot:5 1 exclusion


Innate Abilities, Weirdness & Mutations

You have hooves in place of feet.
You are completely covered in icy blue scales. (AC +4, rC+)
A powerful demonic guardian rushes to your aid.
You resist negative energy. (rN+)
You regenerate a lot of health from kills.
You are somewhat able to resist unholy torments (1 in 2 success).
Your melee attacks may debilitate your foes.
You possess an exceptional clarity of mind.
Your mind is acute. (Int +2)
Your system is resistant to poisons. (rPois)
Your spells are a little harder to cast, but a little more powerful.
You expend magic power (3 MP) to strengthen your wands.


Message History

Your body is wracked with pain!
The orb of destruction hits the Ice Fiend.
The Ice Fiend is severely wounded.
Casting: Orb of Destruction
Confirm with . or Enter, or press ? or * to list all spells.
Aiming: Orb of Destruction
Press: ? - help, Shift-Dir - straight line, f/p - Ice Fiend
Aim: an Ice Fiend (severely wounded)
The Ice Fiend calls on the powers of darkness!
You feel a surge of unholy energy.
The orb of destruction hits the Ice Fiend.
You blow up the Ice Fiend!
Sif Muna accepts your kill.
A hobgoblin comes into view. It is wielding a club.
You see here a club.
An Orb Guardian comes into view.
There is a large open door here.
You see here 2 stones.
There is a staircase leading out of the dungeon here.
You have escaped!

.......§..##............#........
.........###.########...#........
.##......# #.# ###..........
.##......# #.# ####.......
###....g.###.#############.......
...............#8≈≈≈§≈≈≈8#.......
####....#...(..#.........#.......
####...........#.........#.......
...............#@...8....(.......
...............#....8....'.......
...............#.........##......
...........#'#.#.........##......
...........#.#.#8≈≈≈≈≈§≈8##......
...........#.#'############......
...........+....#............(...
...........#....#.........#......
................#.........#......


There were no monsters in sight!

Vanquished Creatures
  3 pandemonium lords
  4 ancient liches
  9 orbs of fire
  Sojobo (Vaults:2)
  4 juggernauts
  Bai Suzhen (D:15)
  Margery (Vaults:2)
  2 curse toes
  3 Killer Klowns
  Xtahua (Vaults:2)
  18 golden dragons
  Arachne (Spider:2)
  A Brimstone Fiend (Depths:5)
  13 tentacled monstrosities
  5 electric golems
  An Ice Fiend (D:1)
  24 Orb Guardians
  6 titans
  A deep elf blademaster (Elf:3)
  5 quicksilver dragons
  6 liches
  4 death cobs
  4 deep elf master archers (Elf:3)
  A kraken (Shoals:2)
  Kirke (Spider:3)
  17 storm dragons
  7 draconian monks
  10 tengu reavers
  10 shadow dragons
  8 sphinxes
  Donald (Spider:4)
  11 deep elf sorcerers
  6 fire giants
  Ilsuiw (Shoals:4)
  A ghost moth (shapeshifter) (Vaults:5)
  21 vault wardens
  16 frost giants
  Louise (Spider:1)
  4 draconian knights
  3 iron dragons
  The ghost of marsu the Impaler, a journeyman MfGl of Okawaru (Shoals:2)
  7 ghost moths
  2 draconian scorchers
  8 emperor scorpions
  4 deep elf elementalists
  Aizul (Vaults:1)
  2 ghouls
  9 draconian shifters
  3 draconian stormcallers
  16 ironheart preservers
  3 spriggan defenders (Depths:2)
  4 draconian annihilators
  24 stone giants
  The ghost of Artagas the Fighter, a journeyman HOSk of Okawaru (Lair:5)
  28 very ugly things
  12 green draconians
  3 war gargoyles
  4 entropy weavers
  5 deep elf demonologists
  4 deep elf annihilators
  5 vampire knights
  13 purple draconians
  12 yellow draconians
  9 red draconians
  14 black draconians
  6 white draconians
  Snorg (D:11)
  10 fire dragons
  8 ettins
  11 spark wasps
  A minotaur (Lab)
  9 deep elf death magi
  3 merfolk javelineers
  5 deep elf high priests
  35 slime creatures
  27 yaktaur captains
  11 merfolk impalers
  A minotaur (shapeshifter) (Elf:2)
  A fire dragon (shapeshifter) (Depths:2)
  10 ogre magi
  8 hydras
  6 rakshasas
  47 vault guards
  16 ice dragons
  8 great orbs of eyes
  A hell beast (Zot:5)
  A juggernaut simulacrum (Depths:2)
  3 alligator snapping turtles
  6 centaur warriors
  A spriggan air mage (Depths:1)
  4 merfolk aquamancers (Shoals:4)
  6 merfolk avatars
  2 death knights
  33 two-headed ogres
  16 dancing weapons
  Erica (D:11)
  A satyr (Shoals:2)
  A satyr (shapeshifter) (Vaults:5)
  5 vampire magi
  7 orc high priests (Orc:2)
  10 death yaks (Lair:6)
  16 deep troll shamans
  3 tengu warriors
  A titan zombie (Depths:2)
  6 spriggan berserkers
  A death yak (shapeshifter) (Vaults:4)
  A sun demon (Orc:2)
  24 deep elf knights
  5 deep troll earth magi
  A sixfirhy (Depths:5)
  22 hell knights
  2 salamander mystics (Depths:2)
  A fire crab (Shoals:2)
  5 iron trolls
  19 sea snakes
  5 shadow wraiths
  A gelid demonspawn (Orc:2)
  5 flayed ghosts
  27 deep trolls
  4 wizards
  A deep troll (shapeshifter) (Depths:1)
  3 unseen horrors
  Pikel (D:8)
  2 infernal demonspawn (Orc:2)
  A shadow demon (D:12)
  19 deep elf archers
  3 glowing orange brains
  30 harpies
  10 necromancers
  16 orb spiders
  A shadow dragon skeleton (Depths:4)
  2 lindwurms (shapeshifter) (Vaults:5)
  9 phantasmal warriors
  14 orc knights
  A tengu zombie (Depths:4)
  A mana viper (shapeshifter) (Depths:5)
  11 ironbrand convokers
  76 deep elf magi
  42 wolf spiders
  A sphinx zombie (Vaults:2)
  8 orc sorcerers
  A tengu skeleton (Vaults:4)
  12 manticores
  A frost giant zombie (Vaults:1)
  10 fauns
  52 ugly things
  2 moths of wrath (shapeshifter)
  A shining eye (shapeshifter) (Depths:5)
  2 centaur zombies (D:15)
  5 salamanders (Depths:2)
  11 cyclopes
  2 human skeletons
  Maurice (D:11)
  The ghost of CALLOUS the Covert, a novice DEAs of Ru (D:5)
  5 elephants (Lair:6)
  16 moths of wrath
  A guardian serpent (shapeshifter) (Vaults:1)
  2 naga magi (D:15)
  9 merfolk sirens
  2 fire giant skeletons
  3 rust devils
  A gargoyle (D:15)
  2 ice statues (IceCv)
  2 torpor snails
  A black mamba (Lair:6)
  A black mamba (shapeshifter) (Depths:1)
  An orange demon (D:10)
  Joseph (Lair:1)
  15 vault sentinels
  9 water nymphs
  19 spiny frogs
  5 rime drakes
  A rime drake (shapeshifter) (Depths:2)
  A spriggan skeleton (Depths:4)
  A komodo dragon (shapeshifter) (Vaults:5)
  A kobold demonologist (D:11)
  An efreet (D:15)
  8 freezing wraiths
  6 komodo dragons
  The ghost of xash the Changer, a novice OpTm (D:3)
  73 yaktaurs
  2 hellwings
  2 tengu conjurers (Depths:2)
  15 demonic crawlers
  2 ice devils
  A hornet (shapeshifter) (Depths:5)
  3 red devils
  3 tyrant leeches (Lair:6)
  3 wind drakes
  A meliai (shapeshifter) (D:15)
  A queen bee (shapeshifter) (Vaults:3)
  6 trolls
  A jumping spider (shapeshifter) (Vaults:4)
  31 merfolk
  14 polar bears
  A wind drake (shapeshifter) (Vaults:3)
  32 jumping spiders
  16 hornets
  A shadow dragon simulacrum (Depths:2)
  14 blink frogs
  A spriggan zombie (Depths:2)
  13 hippogriffs
  12 snapping turtles
  A fire giant simulacrum (Vaults:2)
  A stone giant simulacrum (Vaults:4)
  16 dream sheep
  A blink frog (shapeshifter) (Vaults:4)
  A frost giant simulacrum (Vaults:1)
  A meliai zombie (D:14)
  2 shadows
  2 centaur simulacra
  84 redbacks
  2 air elementals (Depths:1)
  2 ettin skeletons (Vaults:4)
  3 fire bats (Shoals:2)
  28 tarantellas
  3 wraiths
  4 wyverns
  2 ynoxinuls
  4 spriggans (Depths:2)
  15 water elementals
  2 vampires
  A fire elemental (Elf:2)
  27 yaks
  A basilisk (Lair:5)
  A fire bat (shapeshifter) (Vaults:5)
  3 hogs (Spider:3)
  2 hungry ghosts
  A neqoxec (Orc:2)
  A steam dragon (shapeshifter) (Elf:2)
  A spriggan simulacrum (Depths:2)
  A steam dragon (Lair:3)
  4 vampire mosquitoes (Lair:6)
  A basilisk (shapeshifter) (Vaults:1)
  2 soldier ants (shapeshifter)
  A chaos spawn (Depths:5)
  Edmund (D:5)
  6 wargs
  2 soldier ants (D:9)
  8 water moccasins
  A water moccasin (shapeshifter) (Vaults:5)
  Duvessa (D:6)
  2 floating eyes
  A hornet zombie (D:10)
  4 ice beasts
  9 porcupines
  71 orc warriors
  2 sky beasts (shapeshifter)
  A slave (D:8)
  A meliai simulacrum (D:13)
  6 sky beasts
  An eye of draining (shapeshifter) (Vaults:4)
  2 black bears
  A black bear (shapeshifter) (Vaults:3)
  An eye of draining (D:11)
  2 necrophages
  A tengu (shapeshifter) (D:15)
  21 ogres
  10 boggarts
  38 wolves
  13 centaurs
  16 crocodiles
  A big kobold (shapeshifter) (Vaults:4)
  23 bullfrogs
  5 earth elementals
  Dowan (D:6)
  2 gnoll sergeants (D:9)
  2 scorpions
  A hornet simulacrum (Vaults:1)
  19 killer bees
  8 wights
  3 electric eels
  6 howler monkeys
  4 crimson imps
  2 bullfrog zombies
  A small abomination (Depths:5)
  3 human zombies
  3 quasits
  4 hounds
  3 jellies
  17 orc wizards
  32 orc priests
  A bullfrog skeleton (D:13)
  4 centaur skeletons
  An iguana (shapeshifter) (Depths:2)
  Natasha (thrice) (D:3)
  4 iguanas
  3 hell rats (Lair:6)
  Terence (D:2)
  10 worker ants
  A big kobold zombie (Ossuary)
  A hound zombie (D:6)
  3 mummies (Ossuary)
  6 gnolls (D:9)
  14 adders
  5 shadow imps
  4 white imps (D:13)
  3 ufetubi
  3 oozes
  An adder zombie (D:9)
  2 adder skeletons
  2 worms
  5 dart slugs
  5 leopard geckos
  141 orcs
  3 ball pythons
  4 giant cockroaches
  3 goblins
  9 hobgoblins
  10 jackals
  4 quokkas
  7 bats
  4 frilled lizards
  A giant cockroach zombie (D:5)
  3 goblin zombies (Ossuary)
  2 hobgoblin zombies (Ossuary)
  7 kobolds
  A kobold zombie (D:6)
  A leopard gecko skeleton (D:5)
  An orc zombie (Ossuary)
  11 rats
  A block of ice (Depths:4)
  2 fulminant prisms
  2 fungi
  32 plants
  2 tentacles (Shoals:2)
2534 creatures vanquished.

Vanquished Creatures (collateral kills)
  An ancient lich (Zot:5)
  An orb of fire (Zot:5)
  A juggernaut (Depths:2)
  Saint Roka (Vaults:1)
  A golden dragon (Depths:5)
  An Orb Guardian (Zot:5)
  A deep elf blademaster (Elf:3)
  A death cob (Zot:5)
  Frances (Spider:1)
  2 shadow dragons
  A ghost moth (Zot:5)
  A vault warden (Vaults:2)
  An emperor scorpion (Spider:4)
  An orc warlord (Orc:2)
  A stone giant (Depths:2)
  2 very ugly things (Depths:2)
  An ironheart preserver (Vaults:5)
  2 green draconians (Zot:1)
  2 white draconians
  An ettin (Depths:1)
  A fire dragon (Vaults:4)
  A catoblepas (Lair:3)
  2 hydras
  4 vault guards
  4 two-headed ogres
  2 death yaks (Lair:6)
  Sonja (Lair:4)
  2 deep elf knights (Elf:1)
  A deep troll (Vaults:3)
  2 deep elf archers (Elf:1)
  2 orc knights
  2 ugly things
  2 deep elf magi
  An orb spider (Spider:1)
  A necromancer (D:15)
  A manticore (D:11)
  An orc sorcerer (Orc:2)
  A faun (Shoals:2)
  A cyclops (Vaults:2)
  An elephant (Lair:6)
  A moth of wrath (Zot:1)
  A centaur zombie (D:15)
  3 spiny frogs
  3 trolls
  4 polar bears (IceCv)
  A meliai zombie (D:15)
  5 dream sheep
  5 blink frogs
  3 slime creatures
  A hippogriff (Lair:5)
  An ettin skeleton (Vaults:2)
  10 yaks
  2 vampire mosquitoes (Lair:6)
  2 porcupines
  An ice beast (D:7)
  A human skeleton (Depths:4)
  A sky beast (D:7)
  3 orc warriors
  2 centaurs (Lair:2)
  5 wolves
  3 ogres
  2 crocodiles (Lair:5)
  A big kobold (D:10)
  4 bullfrogs (Lair:6)
  A water moccasin skeleton (D:6)
  A killer bee (D:7)
  2 wights (D:6)
  A hound (D:11)
  An orc priest (Orc:2)
  A bullfrog skeleton (D:10)
  3 hell rats (Lair:6)
  A worker ant (D:6)
  An orc wizard (Orc:2)
  3 mummies
  An adder (D:6)
  A shadow imp (D:9)
  3 orcs
  A goblin zombie (D:6)
  4 kobolds (D:10)
  A quokka zombie (D:5)
  3 blocks of ice
  A fungus (Lair:6)
152 creatures vanquished.

Vanquished Creatures (others)
  2 stone giants
  A hell knight (Depths:5)
  A cyclops (D:14)
  A faun (Shoals:1)
  A spiny frog (Lair:4)
  A yaktaur (Vaults:5)
  A human (Spider:3)
  A ball lightning (Zot:5)
  393 blocks of ice
  A bush (Lair:6)
  111 fulminant prisms
  33 fungi
  111 plants
  11 tentacles (Shoals:2)
669 creatures vanquished.

Grand Total: 3355 creatures vanquished

Notes
Turn   | Place    | Note
-------+----------+-------------------------------------------
     0 | D:1      | PotionSeller the Demonspawn Wizard began the quest for the Orb.
     0 | D:1      | Reached XP level 1. HP: 13/13 MP: 4/4
   131 | D:1      | Reached skill level 2 in Conjurations
   131 | D:1      | Gained mutation: You have large cloven feet. [demonic ancestry]
   131 | D:1      | Reached XP level 2. HP: 19/19 MP: 1/6
   618 | D:1      | Reached skill level 3 in Conjurations
   821 | D:1      | Reached XP level 3. HP: 24/24 MP: 3/7
  1522 | D:2      | Learned a level 3 spell: Conjure Flame
  1526 | D:2      | Learned a level 3 spell: Mephitic Cloud
  1790 | D:2      | Reached skill level 4 in Conjurations
  1790 | D:2      | Reached XP level 4. HP: 30/30 MP: 3/8
  1897 | D:2      | Found a deep blue altar of Sif Muna.
  2095 | D:2      | Became a worshipper of Sif Muna the Loreminder
  2195 | D:3      | Noticed Terence
  2308 | D:2      | Killed Terence
  2487 | D:3      | Found a hide-covered altar of Uskayaw.
  2491 | D:3      | Found a sparkling altar of Nemelex Xobeh.
  2578 | D:3      | Noticed xash's ghost (novice OpTm)
  3042 | D:3      | Killed xash's ghost
  3042 | D:3      | Reached skill level 6 in Conjurations
  3042 | D:3      | Gained mutation: A weak demonic guardian rushes to your aid. [demonic ancestry]
  3042 | D:3      | Reached XP level 5. HP: 15/35 MP: 4/10
  3042 | D:3      | Gained mutation: You are partially covered in icy blue scales. (AC +2) [demonic ancestry]
  3042 | D:3      | Reached XP level 6. HP: 18/41 MP: 4/11
  3585 | D:3      | Noticed Natasha
  3591 | D:3      | Killed Natasha
  3591 | D:3      | Noticed Natasha
  3610 | D:3      | Killed Natasha
  3625 | D:3      | Reached * piety under Sif Muna
  3658 | D:3      | Noticed Natasha
  3661 | D:3      | Killed Natasha
  4018 | D:4      | Gained mutation: You have hoof-like feet. [demonic ancestry]
  4018 | D:4      | Reached XP level 7. HP: 46/46 MP: 7/13
  4027 | D:4      | Got a silken robe
  4038 | D:4      | Identified the +2 robe of Responsibility {rCorr} (You found it on level 4 of the Dungeon)
  4051 | D:4      | Reached skill level 7 in Conjurations
  5158 | D:5      | Entered Level 5 of the Dungeon
  5213 | D:5      | Noticed CALLOUS's ghost (novice DEAs)
  5229 | D:5      | Killed CALLOUS's ghost
  5229 | D:5      | Reached skill level 5 in Spellcasting
  5229 | D:5      | Reached skill level 8 in Conjurations
  5229 | D:5      | Gained mutation: You regenerate a little health from kills. [demonic ancestry]
  5229 | D:5      | Reached XP level 8. HP: 44/52 MP: 0/15
  5400 | D:5      | Noticed Edmund
  5457 | D:5      | Killed Edmund
  5487 | D:5      | Reached ** piety under Sif Muna
  5566 | D:5      | Learned a level 4 spell: Force Lance
  5571 | D:5      | Learned a level 4 spell: Fulminant Prism
  5678 | D:5      | Reached skill level 9 in Conjurations
  6290 | D:6      | Noticed Duvessa
  6290 | D:6      | Noticed Dowan
  6298 | D:6      | Killed Duvessa
  6312 | D:6      | Killed Dowan
  6425 | D:6      | Found a sand-covered staircase.
  6430 | Ossuary  | Entered an ossuary
  6480 | Ossuary  | Reached skill level 10 in Conjurations
  6760 | Ossuary  | Reached XP level 9. HP: 53/57 MP: 4/18
  7028 | D:6      | Found an ancient bone altar of Kikubaaqudgha.
  7306 | D:6      | Found a glowing golden altar of the Shining One.
  7517 | D:6      | Reached *** piety under Sif Muna
  8447 | D:7      | Reached skill level 1 in Invocations
  8511 | D:7      | Found a staircase to the Ecumenical Temple.
  8855 | D:7      | Reached skill level 11 in Conjurations
  9129 | D:7      | Found a shimmering altar of Xom.
  9129 | D:7      | Found an iron altar of Okawaru.
  9455 | D:8      | Noticed Pikel
  9465 | D:8      | Killed Pikel
  9473 | D:8      | Reached **** piety under Sif Muna
  9579 | D:8      | Gained mutation: You are mostly covered in icy blue scales. (AC +3) [demonic ancestry]
  9579 | D:8      | Reached XP level 10. HP: 63/63 MP: 6/21
  9666 | D:8      | Found a staircase to the Lair.
 10345 | D:9      | Reached skill level 5 in Invocations
 10366 | D:9      | Reached skill level 12 in Conjurations
 10509 | D:9      | Reached ***** piety under Sif Muna
 10712 | D:9      | Found a basalt altar of Yredelemnul.
 10744 | D:9      | Received a gift from Sif Muna
 10865 | D:9      | Learned a level 2 spell: Blink
 11678 | D:10     | Entered Level 10 of the Dungeon
 11988 | D:10     | Reached skill level 13 in Conjurations
 12007 | D:10     | Gained mutation: A demonic guardian rushes to your aid. [demonic ancestry]
 12007 | D:10     | Reached XP level 11. HP: 64/68 MP: 1/23
 12299 | D:10     | Noticed a two-headed ogre
 12304 | D:10     | Killed a two-headed ogre
 12734 | Lair:1   | Entered Level 1 of the Lair of Beasts
 12830 | Lair:1   | Noticed Joseph
 12843 | Lair:1   | Killed Joseph
 13847 | Lair:1   | Found a hazy altar of Hepliaklqana.
 14597 | Lair:2   | Noticed a six-headed hydra
 14602 | Lair:2   | Found a frozen archway.
 14607 | Lair:2   | Killed a six-headed hydra
 14607 | Lair:2   | Identified Sif Muna's Volume of Shape Shifting (Sif Muna gifted it to you on level 2 of the Lair of Beasts)
 14607 | Lair:2   | Received a gift from Sif Muna
 14716 | IceCv    | Entered an ice cave
 15151 | IceCv    | Reached skill level 5 in Stealth
 15246 | IceCv    | Reached skill level 14 in Conjurations
 16389 | IceCv    | Gained mutation: You are completely covered in icy blue scales. (AC +4, rC+) [demonic ancestry]
 16389 | IceCv    | Reached XP level 12. HP: 74/74 MP: 9/25
 16667 | IceCv    | Noticed a frost giant
 16719 | IceCv    | Killed a frost giant
 17219 | Lair:2   | Found a staircase to the Shoals.
 18139 | Lair:3   | Reached skill level 10 in Spellcasting
 18139 | Lair:3   | Reached skill level 10 in Invocations
 18277 | Lair:3   | Noticed a catoblepas
 18292 | Lair:3   | Killed a catoblepas
 18690 | Lair:3   | Identified Sif Muna's Almanac of Conjuration (Sif Muna gifted it to you on level 3 of the Lair of Beasts)
 18690 | Lair:3   | Received a gift from Sif Muna
 18690 | Lair:3   | Reached skill level 15 in Conjurations
 18702 | Lair:3   | Learned a level 7 spell: Orb of Destruction
 19984 | Lair:3   | Found a hole to the Spider Nest.
 20134 | Lair:3   | Got a translucent trident
 20135 | Lair:3   | Identified the cursed +1 trident of Fefegep {venom, +Fly rC+ Dex+2} (You found it on level 3 of the Lair of Beasts)
 20609 | Lair:4   | Gained mutation: You have a pair of small horns on your head. [potion of mutation]
 20609 | Lair:4   | Gained mutation: Your system is resistant to poisons. (rPois) [potion of mutation]
 20609 | Lair:4   | Gained mutation: You are agile. (Dex +2) [potion of mutation]
 20610 | Lair:4   | Lost mutation: You have a pair of small horns on your head. [potion of mutation]
 20610 | Lair:4   | Lost mutation: You are agile. (Dex +2) [potion of mutation]
 20610 | Lair:4   | Lost mutation: Your system is resistant to poisons. (rPois) [potion of mutation]
 20610 | Lair:4   | Gained mutation: Armour fits poorly on your strangely shaped body. [potion of mutation]
 20610 | Lair:4   | Gained mutation: Your system is resistant to poisons. (rPois) [potion of mutation]
 20768 | Lair:4   | Noticed Sonja
 20772 | Lair:4   | Killed Sonja
 21323 | Lair:5   | Gained mutation: You have hooves in place of feet. [demonic ancestry]
 21323 | Lair:5   | Reached XP level 13. HP: 66/79 MP: 20/27
 21374 | Lair:5   | Noticed Artagas's ghost (journeyman HOSk)
 21735 | D:9      | Learned a level 4 spell: Summon Ice Beast
 21868 | Lair:5   | Killed Artagas's ghost
 21868 | Lair:5   | Reached skill level 1 in Ice Magic
 22264 | Lair:5   | Reached skill level 10 in Stealth
 22510 | Lair:5   | Identified Sif Muna's Grimoire of Battle Magic (Sif Muna gifted it to you on level 5 of the Lair of Beasts)
 22510 | Lair:5   | Received a gift from Sif Muna
 22997 | Lair:6   | Entered Level 6 of the Lair of Beasts
 22997 | Lair:6   | Found a viscous altar of Jiyva.
 22997 | Lair:6   | Found a staircase to the Slime Pits.
 23522 | Lair:6   | Reached skill level 16 in Conjurations
 23819 | Lair:6   | Reached skill level 5 in Ice Magic
 24564 | Lair:6   | Reached XP level 14. HP: 79/85 MP: 11/29
 24690 | Lair:6   | Identified Sif Muna's Compendium of Aerial Clay (Sif Muna gifted it to you on level 6 of the Lair of Beasts)
 24690 | Lair:6   | Received a gift from Sif Muna
 24701 | Lair:6   | Learned a level 6 spell: Freezing Cloud
 25378 | Lair:6   | Reached skill level 1 in Air Magic
 26276 | Lair:6   | Got a spiked cloak
 26287 | Lair:6   | Identified the cursed +0 cloak "Ystrol" {*Drain rPois MP-9 Str+8} (You found it on level 6 of the Lair of Beasts)
 26644 | D:11     | Found Maorph's General Store.
 26647 | D:11     | Bought a scroll of blinking for 105 gold pieces
 26868 | D:11     | Noticed Maurice
 26885 | D:11     | Killed Maurice
 27158 | D:11     | Noticed Snorg
 27164 | D:11     | Killed Snorg
 27263 | D:11     | Found a roughly hewn altar of Beogh.
 27834 | D:11     | Noticed Erica
 27838 | D:11     | Killed Erica
 28074 | D:12     | Found Uvoerres's Assorted Antiques.
 28106 | D:12     | Identified Sif Muna's Volume of Conjuration (Sif Muna gifted it to you on level 12 of the Dungeon)
 28106 | D:12     | Received a gift from Sif Muna
 28816 | D:12     | Found a staircase to the Orcish Mines.
 29062 | Orc:1    | Entered Level 1 of the Orcish Mines
 30146 | Orc:2    | Entered Level 2 of the Orcish Mines
 30146 | Orc:2    | Noticed an orc warlord
 30164 | Orc:2    | Killed an orc warlord
 30822 | Orc:2    | Found a staircase to the Elven Halls.
 31095 | Orc:2    | Found a roughly hewn altar of Beogh.
 31394 | Orc:2    | Gained mutation: You resist negative energy. (rN+) [demonic ancestry]
 31394 | Orc:2    | Reached XP level 15. HP: 77/90 MP: 23/31
 31577 | Orc:2    | Found Mauveb's General Store.
 31588 | Orc:2    | Found Cek Hizoerre's General Store.
 32003 | Orc:2    | Identified Eghuh's Compendium of Quantum Unholy Rites (Sif Muna gifted it to you on level 2 of the Orcish Mines)
 32003 | Orc:2    | Received a gift from Sif Muna
 32055 | Orc:2    | Gained mutation: Your magical capacity is low. (-10% MP) [a neqoxec]
 32618 | Orc:2    | Reached skill level 10 in Ice Magic
 33272 | Orc:2    | Found Dukk's Gadget Emporium.
 33272 | Orc:2    | Found Dyeror's Antique Weapon Shoppe.
 33273 | Orc:2    | Found a one-way gate leading to the halls of Pandemonium.
 34020 | Orc:1    | Learned a level 4 spell: Throw Icicle
 34144 | D:13     | Found a labyrinth entrance.
 34153 | Lab      | Entered a labyrinth
 34784 | Lab      | Got a heavily runed graven amulet
 34786 | Lab      | Identified the amulet of Sine {Reflect *Drain Dex+7 SH+6} (You found it in a labyrinth)
 34811 | D:13     | Reached skill level 1 in Polearms
 34935 | D:13     | Reached skill level 1 in Fighting
 35965 | D:13     | Received a gift from Sif Muna
 36148 | D:14     | Found a stormy altar of Qazlal.
 36168 | D:14     | Found a gate to the Vaults.
 36335 | D:14     | Identified 2 scrolls of acquirement
 36336 | D:14     | Got a wavering copper ring
 36337 | D:14     | Identified the ring "Uggeru" {Str+2 Stlth+} (You acquired it on level 14 of the Dungeon)
 36540 | D:14     | Identified the Almanac of Dhcmrlchtdj
 36549 | D:14     | Identified the Catalogue of Axaxaxas mlö
 37089 | D:14     | Identified Lehudib's Papyrus of Plaster Cramp
 37419 | D:15     | Entered Level 15 of the Dungeon
 37630 | D:15     | Reached XP level 16. HP: 80/106 MP: 8/30
 38115 | D:15     | Identified Sif Muna's Volume of Glacial Necromancy (Sif Muna gifted it to you on level 15 of the Dungeon)
 38115 | D:15     | Received a gift from Sif Muna
 38204 | D:15     | Reached skill level 17 in Conjurations
 38598 | D:15     | Found a staircase to the Depths.
 39072 | Elf:1    | Entered Level 1 of the Elven Halls
 40114 | Elf:1    | Identified the Papyrus of Confrontation
 40318 | Elf:1    | Reached skill level 15 in Spellcasting
 41266 | Elf:1    | Received a gift from Sif Muna
 41613 | Elf:2    | Reached ****** piety under Sif Muna
 42074 | Elf:2    | Got a dazzling ring mail
 42075 | Elf:2    | Identified the cursed +0 ring mail "Qesetel" {+Inv rF+} (You found it on level 2 of the Elven Halls)
 42119 | Elf:2    | Found Liedihou's Distillery.
 42192 | Elf:2    | Bought a potion of heal wounds for 75 gold pieces
 42192 | Elf:2    | Bought a potion of heal wounds for 75 gold pieces
 42192 | Elf:2    | Bought 2 potions of haste for 300 gold pieces
 42344 | Elf:2    | Found a runed gate.
 42344 | Elf:2    | Found a runed gate.
 42344 | Elf:2    | Found a runed gate.
 42860 | Elf:2    | Identified the Volume of Spatial Feathers
 42866 | Elf:2    | Got an ancient leather armour
 42867 | Elf:2    | Identified the +1 leather armour of the Catamount {+Blink rC+} (You found it on level 2 of the Elven Halls)
 43006 | Elf:3    | Entered Level 3 of the Elven Halls
 43063 | Elf:3    | Gained mutation: A powerful demonic guardian rushes to your aid. [demonic ancestry]
 43063 | Elf:3    | Reached XP level 17. HP: 94/113 MP: 33/33
 43635 | Elf:3    | Found Bekhlemig's Gadget Shoppe.
 43635 | Elf:3    | Found Fyuhogor's Jewellery Shop.
 43636 | Elf:3    | Found Qourph's Gadget Shoppe.
 43695 | Elf:3    | Identified Sif Muna's Almanac of Attacks (Sif Muna gifted it to you on level 3 of the Elven Halls)
 43695 | Elf:3    | Received a gift from Sif Muna
 43737 | Elf:3    | Learned a level 7 spell: Spellforged Servitor
 45305 | Elf:3    | Got a scorched bronze ring
 45339 | Elf:3    | Identified the ring "Wesuuqui" {+Fly rN+ Int+4} (You took it off a deep elf demonologist on level 3 of the Elven Halls)
 45875 | Elf:3    | Got a crude cloak
 45876 | Elf:3    | Identified the +0 cloak of Follow the Leader {rC- Str+6} (You acquired it on level 3 of the Elven Halls)
 45893 | Elf:3    | Got a twitching bronze ring
 45893 | Elf:3    | Got a pitted brass ring
 46372 | Elf:3    | Identified the ring "Sir Ogyogumm" {rC+ rN+ Int+3 Dex+4} (You took it off a deep elf knight on level 3 of the Elven Halls)
 46374 | Elf:3    | Identified the ring of the Duchess {*Corrode rPois MR+ Str+4 Int+3} (You took it off a deep elf high priest on level 3 of the Elven Halls)
 46399 | Elf:3    | Noticed a deep elf master archer
 46403 | Elf:3    | Killed a deep elf master archer
 46410 | Elf:3    | Noticed a deep elf master archer
 46418 | Elf:3    | Killed a deep elf master archer
 46418 | Elf:3    | Received a gift from Sif Muna
 46418 | Elf:3    | Reached skill level 18 in Conjurations
 46720 | Elf:3    | Noticed a deep elf blademaster
 46727 | Elf:3    | Noticed a deep elf master archer
 46779 | Elf:3    | Noticed a deep elf master archer
 46782 | Elf:3    | Noticed a deep elf blademaster
 46782 | Elf:3    | Killed a deep elf blademaster
 46794 | Elf:3    | Killed a deep elf blademaster
 46967 | Elf:3    | Killed a deep elf master archer
 47060 | Elf:3    | Identified Imohiy's Almanac of Confrontation and Beguiling
 47095 | Elf:3    | Got a faintly humming scale mail
 47096 | Elf:3    | Identified the +1 scale mail "Ehiruote" {Str+4} (You found it on level 3 of the Elven Halls)
 47187 | Elf:3    | Killed a deep elf master archer
 47341 | Elf:3    | Got a smoking bardiche {speed}
 47342 | Elf:3    | Identified the +3 bardiche "Beastslayer" {speed, rPois Stlth+} (You took it off a deep elf high priest on level 3 of the Elven Halls)
 47344 | Elf:3    | Got a crude troll leather armour
 47355 | Elf:3    | Identified the cursed +0 troll leather armour "Joff" {+Blink Regen+ Str+6 Dex-3 SInv} (You took it off a deep elf knight on level 3 of the Elven Halls)
 47367 | Elf:3    | Got an ancient chain mail
 47368 | Elf:3    | Identified the +6 chain mail "Oshrumel" {Str+7} (You took it off a deep elf high priest on level 3 of the Elven Halls)
 47405 | Elf:3    | Got an amethyst-encrusted scale mail
 47406 | Elf:3    | Identified the +1 scale mail of the Circus Animal {rN+ Dex+5} (You took it off a deep elf blademaster on level 3 of the Elven Halls)
 47470 | Elf:2    | Bought a potion of mutation for 120 gold pieces
 47470 | Elf:2    | Lost mutation: Your magical capacity is low. (-10% MP) [potion of mutation]
 47470 | Elf:2    | Lost mutation: Armour fits poorly on your strangely shaped body. [potion of mutation]
 47470 | Elf:2    | Gained mutation: You possess an exceptional clarity of mind. [potion of mutation]
 47470 | Elf:2    | Gained mutation: Your flesh is cold resistant. (rC+) [potion of mutation]
 47503 | Elf:2    | Learned a level 6 spell: Deflect Missiles
 47961 | Shoals:1 | Entered Level 1 of the Shoals
 48069 | Shoals:1 | Reached skill level 1 in Charms
 48708 | Shoals:1 | Reached skill level 5 in Air Magic
 48750 | Shoals:1 | Gained mutation: You are somewhat able to resist unholy torments (1 in 2 success). [demonic ancestry]
 48750 | Shoals:1 | Reached XP level 18. HP: 119/119 MP: 20/39
 50714 | Shoals:2 | Identified Sif Muna's Reference Book on Helpful Curses (Sif Muna gifted it to you on level 2 of the Shoals)
 50714 | Shoals:2 | Received a gift from Sif Muna
 51511 | Shoals:2 | Noticed marsu's ghost (journeyman MfGl)
 51516 | Shoals:2 | Killed marsu's ghost
 51516 | Shoals:2 | Reached skill level 5 in Charms
 52206 | Shoals:2 | Got a brightly glowing robe
 52217 | Shoals:2 | Identified the +1 robe of Hiozxotz {rF+ MR+ Int+7} (You found it on level 2 of the Shoals)
 52229 | Shoals:2 | Learned a level 9 spell: Glaciate
 54439 | Shoals:4 | Entered Level 4 of the Shoals
 54510 | Shoals:4 | Identified Sehixul's Reference Book on Supportive Battle Magic (Sif Muna gifted it to you on level 4 of the Shoals)
 54510 | Shoals:4 | Received a gift from Sif Muna
 55548 | Shoals:4 | Got a barnacled rune of Zot
 55856 | Shoals:4 | Identified Lehudib's Compendium of Stones
 55950 | Shoals:4 | Reached XP level 19. HP: 125/125 MP: 29/40
 56312 | Shoals:4 | Got a slimy longbow
 56313 | Shoals:4 | Identified the +0 longbow of Darkness {freeze, rC+++ Str-3 Int+3 Dex+3} (You found it on level 4 of the Shoals)
 56343 | Shoals:4 | Noticed Ilsuiw
 56353 | Shoals:4 | Killed Ilsuiw
 56353 | Shoals:4 | Reached skill level 19 in Conjurations
 56707 | Vaults:1 | Entered Level 1 of the Vaults
 56724 | Vaults:1 | Noticed Saint Roka
 56732 | Vaults:1 | Killed Saint Roka
 56876 | Vaults:1 | Reached skill level 15 in Ice Magic
 57547 | Vaults:1 | Noticed Aizul
 57710 | Vaults:1 | Killed Aizul
 57955 | Vaults:1 | Identified Sif Muna's Reference Book on Ice (Sif Muna gifted it to you on level 1 of the Vaults)
 57955 | Vaults:1 | Received a gift from Sif Muna
 60888 | Vaults:2 | Noticed Xtahua
 60889 | Vaults:2 | Noticed Margery
 60896 | Vaults:2 | Killed Margery
 60896 | Vaults:2 | Identified Sif Muna's Grimoire of the Endless Princes (Sif Muna gifted it to you on level 2 of the Vaults)
 60896 | Vaults:2 | Received a gift from Sif Muna
 60899 | Vaults:2 | Reached skill level 20 in Conjurations
 60899 | Vaults:2 | Killed Xtahua
 61105 | Vaults:2 | Reached XP level 20. HP: 131/131 MP: 29/42
 61757 | Vaults:2 | Noticed Sojobo
 61763 | Vaults:2 | Killed Sojobo
 62285 | Vaults:2 | Identified Sif Muna's Papyrus of Companions (Sif Muna gifted it to you on level 2 of the Vaults)
 62285 | Vaults:2 | Received a gift from Sif Muna
 62851 | Vaults:2 | Found a staircase to the Crypt.
 63265 | Vaults:3 | Found Buwkey Hoyp's Food Shoppe.
 63274 | Vaults:3 | Got a warped plate armour
 63275 | Vaults:3 | Identified the +10 plate armour of Nemelex Xobeh's Hope {MP+9 Str+3} (You found it on level 3 of the Vaults)
 64302 | Vaults:3 | Found Heziulox's Magic Scroll Emporium.
 64318 | Vaults:3 | Bought a scroll of acquirement for 884 gold pieces
 64318 | Vaults:3 | Bought a scroll of acquirement for 884 gold pieces
 64319 | Vaults:3 | Got faintly humming quicksilver dragon scales
 64320 | Vaults:3 | Identified the quicksilver dragon scales "Weblyatac" {+Inv rPois MR+} (You acquired it on level 3 of the Vaults)
 65144 | Vaults:4 | Identified Sif Muna's Almanac of Stolen Souls and Air (Sif Muna gifted it to you on level 4 of the Vaults)
 65144 | Vaults:4 | Received a gift from Sif Muna
 65398 | Vaults:4 | Reached skill level 21 in Conjurations
 65871 | Vaults:4 | Reached XP level 21. HP: 136/136 MP: 33/43
 66632 | Vaults:4 | Identified Jyaxt's Disquisition on Battle Magic (Sif Muna gifted it to you on level 4 of the Vaults)
 66632 | Vaults:4 | Received a gift from Sif Muna
 68030 | Vaults:4 | Reached skill level 1 in Shields
 68357 | Vaults:5 | Entered Level 5 of the Vaults
 68889 | Vaults:5 | Reached skill level 22 in Conjurations
 68891 | Vaults:5 | Received a gift from Sif Muna
 69178 | Vaults:5 | Gained mutation: Your melee attacks may debilitate your foes. [demonic ancestry]
 69178 | Vaults:5 | Reached XP level 22. HP: 143/143 MP: 27/45
 69378 | Vaults:5 | Noticed an ancient lich
 69386 | Vaults:5 | Killed an ancient lich
 69559 | Vaults:5 | Reached skill level 5 in Shields
 70645 | Vaults:5 | Got a glittering platinum ring
 70650 | Vaults:5 | Identified the ring "Xouduhuy" {rElec rPois Int-3 Dex+3} (You took it off a vault guard on level 5 of the Vaults)
 70919 | Vaults:5 | Got a pitted silver amulet
 70925 | Vaults:5 | Identified the amulet "Ynno Kiu" {Spirit rPois MR+ MP-9 Slay+2} (You took it off a deep elf demonologist on level 5 of the Vaults)
 71462 | Vaults:5 | Received a gift from Sif Muna
 71467 | Vaults:5 | Identified Latiti's Compendium of Feathery Attacks (Sif Muna gifted it to you on level 5 of the Vaults)
 72212 | Vaults:5 | Noticed an ancient lich
 72214 | Vaults:5 | Killed an ancient lich
 72717 | Vaults:5 | Identified Sif Muna's Catalogue of the Frostbite and Summoning (Sif Muna gifted it to you on level 5 of the Vaults)
 72717 | Vaults:5 | Received a gift from Sif Muna
 73530 | Vaults:5 | Got a silver rune of Zot
 73532 | Vaults:5 | Got a clouded crystal amulet
 73533 | Vaults:5 | Identified the amulet of Aklobuca {Inacc *Contam MR+++ Str-3 SInv} (You found it on level 5 of the Vaults)
 74525 | Elf:3    | Bought a wand of digging (12/24) for 320 gold pieces
 74525 | Elf:3    | Upgraded the game from 0.20.0-10-g0535bb4 to 0.20.0-14-g326068f
 74958 | Lair:1   | Reached XP level 23. HP: 148/148 MP: 36/46
 74987 | Spider:1 | Entered Level 1 of the Spider Nest
 74996 | Spider:1 | Reached skill level 23 in Conjurations
 75003 | Spider:1 | Noticed Frances
 75011 | Spider:1 | Killed Frances
 75013 | Spider:1 | Noticed Louise
 75018 | Spider:1 | Killed Louise
 75589 | Spider:2 | Noticed Arachne
 75598 | Spider:2 | Killed Arachne
 76268 | Spider:2 | Identified Jauhiof's Catalogue of Air and Glamour (Sif Muna gifted it to you on level 2 of the Spider Nest)
 76268 | Spider:2 | Received a gift from Sif Muna
 76868 | Spider:3 | Noticed Kirke
 77356 | Spider:3 | Killed Kirke
 77713 | Spider:3 | Found a roughly hewn altar of Beogh.
 77788 | Spider:4 | Entered Level 4 of the Spider Nest
 78632 | Spider:4 | Identified Sif Muna's Almanac of Malediction and Fire (Sif Muna gifted it to you on level 4 of the Spider Nest)
 78632 | Spider:4 | Received a gift from Sif Muna
 78638 | Spider:4 | Reached skill level 5 in Dodging
 80204 | Spider:4 | Noticed Donald
 80208 | Spider:4 | Killed Donald
 80475 | Spider:4 | Got a gossamer rune of Zot
 80896 | Depths:1 | Entered Level 1 of the Depths
 80897 | Depths:1 | Reached skill level 5 in Fighting
 81294 | Depths:1 | Noticed Bai Suzhen
 81300 | D:15     | Killed Bai Suzhen
 81708 | Depths:1 | Found a gateway to Hell.
 81752 | Depths:1 | Received a gift from Sif Muna
 81990 | Depths:1 | Gained mutation: You regenerate health from kills. [demonic ancestry]
 81990 | Depths:1 | Reached XP level 24. HP: 150/157 MP: 10/47
 83611 | Depths:2 | Found Koaxky's Distillery.
 83630 | Depths:2 | Identified Sif Muna's Catalogue of Conjuration (Sif Muna gifted it to you on level 2 of the Depths)
 83630 | Depths:2 | Received a gift from Sif Muna
 83632 | Depths:2 | Reached skill level 24 in Conjurations
 83852 | Depths:2 | Bought a potion of haste for 110 gold pieces
 83885 | Depths:2 | Found Keschy's Weapon Boutique.
 83971 | Depths:2 | Found Leugg's Jewellery Shop.
 84151 | Depths:2 | Found a one-way gate to the infinite horrors of the Abyss.
 85907 | Depths:2 | Noticed a juggernaut
 85911 | Depths:2 | Killed a juggernaut
 86277 | Depths:2 | Received a gift from Sif Muna
 86359 | Depths:2 | Noticed a juggernaut
 86362 | Depths:2 | Killed a juggernaut
 86362 | Depths:2 | Reached skill level 1 in Armour
 86362 | Depths:2 | Reached XP level 25. HP: 93/170 MP: 20/47
 86564 | Depths:2 | Paralysed by a floating eye for 4 turns
 86569 | Depths:2 | Upgraded the game from 0.20.0-14-g326068f to 0.20.0-15-g7f486f2
 86873 | Depths:2 | Noticed a juggernaut
 86876 | Depths:2 | Killed a juggernaut
 87160 | Depths:2 | Got a crude lead amulet
 87161 | Depths:2 | Identified the amulet "Amniekaz" {Gourm *Corrode rElec Int+5 Dex+3} (You took it off a wizard on level 2 of the Depths)
 87355 | Depths:2 | Identified Uhowk's Almanac of the Rocks
 88569 | Depths:5 | Entered Level 5 of the Depths
 88603 | Depths:5 | Noticed a juggernaut
 88609 | Depths:5 | Killed a juggernaut
 88675 | Depths:5 | Found a gateway to a ziggurat.
 88702 | Depths:5 | Identified Sif Muna's Handbook of Cloudy Summoning (Sif Muna gifted it to you on level 5 of the Depths)
 88702 | Depths:5 | Received a gift from Sif Muna
 89148 | Depths:5 | Reached skill level 5 in Armour
 89742 | Depths:5 | Noticed a juggernaut
 89752 | Depths:5 | Killed a juggernaut
 90137 | Depths:5 | Identified Sif Muna's Reference Book on Confrontation (Sif Muna gifted it to you on level 5 of the Depths)
 90137 | Depths:5 | Received a gift from Sif Muna
 90137 | Depths:5 | Reached XP level 26. HP: 168/182 MP: 0/47
 90355 | Depths:5 | Found a gate to the Realm of Zot.
 90409 | Depths:5 | Reached skill level 25 in Conjurations
 91163 | Zot:1    | Entered Level 1 of the Realm of Zot
 91972 | Zot:1    | Reached skill level 10 in Fighting
 92196 | Zot:1    | Identified Qitacwim's Guide on Snow (Sif Muna gifted it to you on level 1 of the Realm of Zot)
 92196 | Zot:1    | Received a gift from Sif Muna
 92500 | Zot:1    | Reached skill level 10 in Dodging
 93003 | Zot:1    | Noticed an orb of fire
 93011 | Zot:1    | Killed an orb of fire
 93780 | Zot:2    | Identified Sif Muna's Papyrus of Protection and Creation (Sif Muna gifted it to you on level 2 of the Realm of Zot)
 93780 | Zot:2    | Received a gift from Sif Muna
 94070 | Zot:2    | Gained mutation: You regenerate a lot of health from kills. [demonic ancestry]
 94070 | Zot:2    | Reached XP level 27. HP: 192/192 MP: 36/48
 94261 | Zot:4    | Reached skill level 10 in Armour
 95180 | Zot:4    | Got a crude quick blade
 95181 | Zot:4    | Identified the +10 quick blade "Dorruvvu" {protect, rC+ Str+3 Int+2} (You found it on level 4 of the Realm of Zot)
 95579 | Zot:5    | Entered Level 5 of the Realm of Zot
 95603 | Zot:5    | Reached skill level 26 in Conjurations
 96390 | Zot:5    | Received a gift from Sif Muna
 96538 | Zot:5    | Noticed an ancient lich
 96541 | Zot:5    | Killed an ancient lich
 96579 | Zot:5    | Noticed an orb of fire
 96579 | Zot:5    | Noticed an ancient lich
 96586 | Zot:5    | Killed an ancient lich
 96607 | Zot:5    | Killed an orb of fire
 96612 | Zot:5    | Noticed an ancient lich
 96846 | Zot:5    | Killed an ancient lich
 96968 | Zot:5    | Noticed an orb of fire
 96969 | Zot:5    | Gained mutation: Armour fits poorly on your strangely shaped body. [an orb of fire]
 96971 | Zot:5    | Killed an orb of fire
 97341 | Zot:5    | Noticed an orb of fire
 97347 | Zot:5    | Killed an orb of fire
 97513 | Zot:5    | Noticed an orb of fire
 97515 | Zot:5    | Gained mutation: Scrolls take you a little longer to read. [an orb of fire]
 97517 | Zot:5    | Killed an orb of fire
 97517 | Zot:5    | Identified Sif Muna's Collected Works on Ghastly Transmigration (Sif Muna gifted it to you on level 5 of the Realm of Zot)
 97517 | Zot:5    | Received a gift from Sif Muna
 97520 | Zot:5    | Lost mutation: Your flesh is cold resistant. (rC+) [potion of mutation]
 97520 | Zot:5    | Lost mutation: Scrolls take you a little longer to read. [potion of mutation]
 97520 | Zot:5    | Lost mutation: Armour fits poorly on your strangely shaped body. [potion of mutation]
 97520 | Zot:5    | Lost mutation: You possess an exceptional clarity of mind. [potion of mutation]
 97520 | Zot:5    | Gained mutation: Your mind is acute. (Int +2) [potion of mutation]
 97520 | Zot:5    | Gained mutation: You possess an exceptional clarity of mind. [potion of mutation]
 97520 | Zot:5    | Gained mutation: Your spells are a little harder to cast, but a little more powerful. [potion of mutation]
 97649 | Zot:5    | Noticed an orb of fire
 97653 | Zot:5    | Noticed an orb of fire
 97654 | Zot:5    | Killed an orb of fire
 97656 | Zot:5    | Killed an orb of fire
 97679 | Zot:5    | Noticed an orb of fire
 97683 | Zot:5    | Killed an orb of fire
 97890 | Zot:5    | Noticed an orb of fire
 97891 | Zot:5    | Gained mutation: You expend magic power (3 MP) to strengthen your wands. [an orb of fire]
 97893 | Zot:5    | Killed an orb of fire
 98028 | Zot:5    | Noticed an orb of fire
 98030 | Zot:5    | Killed an orb of fire
 98621 | Zot:5    | Got the Orb of Zot
 98772 | Depths:5 | Identified Sif Muna's Papyrus of the Creative Birds (Sif Muna gifted it to you on level 5 of the Depths)
 98772 | Depths:5 | Received a gift from Sif Muna
 98814 | Depths:5 | Noticed Ruumuf the pandemonium lord
 98817 | Depths:5 | Killed Ruumuf the pandemonium lord
 98906 | Depths:5 | Noticed Dododid the pandemonium lord
 98914 | Depths:5 | Killed Dododid the pandemonium lord
 99067 | Depths:3 | Noticed Reugh the pandemonium lord
 99292 | D:8      | Noticed Pibuumif the pandemonium lord
 99308 | D:8      | Killed Pibuumif the pandemonium lord
 99457 | D:$      | Escaped with the Orb!

Skill      XL: |  1  2  3  4  5  6  7  8  9 10 11 12 13 14 15 16 17 18 19 20 21 22 23 24 25 26 27 |
---------------+----------------------------------------------------------------------------------+-----
Conjurations   | 2 3 4 6 8 10 11 13 14 15 16 17 18 20 21 22 23 24 25 26 | 26.9
Spellcasting   | 4 5 6 7 8 9 10 11 12 13 16 17 18 19 20 21 22 | 22.1
Invocations    | 4 7 9 10 | 10.0
Stealth        | 5 9 11 13 14 | 14.0
Ice Magic      | 6 9 10 12 13 14 16 17 18 19 20 21 22 23 | 23.8
Air Magic      | 4 5 7 |  7.0
Polearms       | 2 |  2.0
Fighting       | 4 5 7 9 10 13 | 13.0
Summonings     | 3 |  3.0
Charms         | 2 5 |  5.1
Shields        | 4 5 |  5.0
Dodging        | 2 6 7 9 10 12 | 12.3
Armour         | 1 6 9 12 | 12.9
Translocations | |  0.8

Action                   |  1- 3 |  4- 6 |  7- 9 | 10-12 | 13-15 | 16-18 | 19-21 | 22-24 | 25-27 || total
-------------------------+-------+-------+-------+-------+-------+-------+-------+-------+-------++-------
Melee: Club              |    26 |       |       |       |       |       |       |       |       ||    26
       Kick              |     6 |    18 |    45 |    42 |    56 |     9 |    49 |    16 |    29 ||   270
       Whip              |       |    62 |   151 |       |       |       |       |       |       ||   213
       Spear             |       |       |   138 |   394 |   322 |       |       |       |       ||   854
       Staff             |       |       |       |     9 |    14 |     8 |    12 |     1 |     3 ||    47
       Demon trident     |       |       |       |       |    57 |    46 |   147 |    54 |   113 ||   417
Throw: Throwing net      |       |       |     1 |       |       |       |       |       |       ||     1
 Cast: Magic Dart        |   100 |    77 |    80 |    34 |    47 |       |       |       |       ||   338
       Mephitic Cloud    |       |     3 |     2 |    11 |     3 |     1 |     4 |     3 |       ||    27
       Conjure Flame     |       |       |     3 |       |       |       |       |       |       ||     3
       Force Lance       |       |       |    43 |   246 |   224 |       |     4 |       |     1 ||   518
       Fulminant Prism   |       |       |     3 |    87 |    24 |       |       |       |       ||   114
       Orb of Destructio |       |       |       |       |    68 |    59 |    60 |   137 |   107 ||   431
       Blink             |       |       |       |       |    17 |     1 |     5 |     1 |     3 ||    27
       Freezing Cloud    |       |       |       |       |    94 |   113 |    12 |       |       ||   219
       Throw Icicle      |       |       |       |       |   145 |   546 |   307 |   248 |   289 ||  1535
       Deflect Missiles  |       |       |       |       |       |     3 |     5 |     4 |     5 ||    17
       Spellforged Servi |       |       |       |       |       |     3 |     1 |     1 |       ||     5
       Glaciate          |       |       |       |       |       |     9 |    96 |   176 |   159 ||   440
Invok: Divine Energy     |       |       |       |     1 |       |       |       |       |       ||     1
       Channel Magic     |       |       |       |     1 |       |       |     5 |     2 |     6 ||    14
Evoke: Wand              |       |       |     1 |     5 |     9 |     2 |     2 |     6 |     1 ||    26
       Staff of energy   |       |       |       |       |       |       |       |     1 |       ||     1
  Use: Potion            |       |     3 |    10 |     4 |     3 |     3 |    11 |     2 |     8 ||    44
       Scroll            |       |     2 |    10 |     7 |    20 |    20 |    19 |     9 |     7 ||    94
 Stab: Confused          |       |     1 |       |     5 |     3 |       |     6 |     5 |       ||    20
       Sleeping          |       |       |     3 |     1 |     7 |     1 |       |       |       ||    12
       Distracted        |       |       |     1 |     1 |     5 |       |     1 |       |       ||     8
  Eat: Chunk             |     2 |     3 |    14 |    38 |    49 |    37 |    15 |     8 |    12 ||   178
       Bread ration      |       |     1 |     1 |     1 |     5 |     6 |     4 |     4 |       ||    22
       Fruit             |       |       |     5 |     1 |    16 |     1 |       |       |     2 ||    25
       Royal jelly       |       |       |     1 |     2 |     5 |     4 |     3 |     3 |       ||    18
       Meat ration       |       |       |       |     1 |     4 |     1 |     1 |     4 |     7 ||    18
Armor: Robe              |     7 |    17 |    95 |   204 |   156 |    60 |    55 |    85 |    69 ||   748
Dodge: Dodged            |    39 |    29 |   146 |   269 |   289 |   105 |   115 |   181 |   260 ||  1433
       Deflected         |       |       |       |       |       |    21 |    58 |    39 |    38 ||   156
Block: Other             |       |       |    21 |    45 |    41 |    61 |    55 |    72 |       ||   295
       Reflection        |       |       |     1 |     2 |     2 |    20 |    13 |    19 |     1 ||    58
       Buckler           |       |       |       |       |       |       |       |       |    96 ||    96
